TOP OF THE 1ST |
Cincinnati Reds batting - Pitching for Philadelphia Phillies : RHP Rick Whitley
|
Pitching: RHP Rick Whitley
|
|
Batting: LHB Adam Powers
|
0-0: Ball 1-0: Called Strike 1-1: Swinging Strike 1-2: Fly out, F7 (Flyball, 7, EV 93.1 MPH)
|
Batting: RHB Pat Warner
|
0-0: Foul Ball, location: 2F 0-1: Foul Ball, location: 2F 0-2: Ball 1-2: SOLO HOME RUN (Flyball, 78XD, EV 100.6 MPH), Distance : 398 ft
|
Batting: RHB Michael Draper
|
0-0: Called Strike 0-1: Ball 1-1: Called Strike 1-2: Strikes out swinging
|
Batting: RHB Gerardo Machado
|
0-0: Ball 1-0: Foul Ball, location: 2F 1-1: SINGLE (Groundball, 4D, EV 101.3 MPH)
|
Batting: RHB Chad Crane
|
0-0: Foul Ball, location: 3FF 0-1: Ball 1-1: Swinging Strike 1-2: Ball 2-2: Foul Ball, location: 2RF 2-2: Ball 3-2: Foul Ball, location: 2F 3-2: Strikes out swinging
|
Top of the 1st over - 1 run, 2 hits, 0 errors, 1 left on base; Cincinnati 1 - Philadelphia 0 |
BOTTOM OF THE 1ST |
Philadelphia Phillies batting - Pitching for Cincinnati Reds : LHP Mike Rutherford
|
Pitching: LHP Mike Rutherford
|
|
Batting: RHB Adam Sands
|
0-0: Ball 1-0: Called Strike 1-1: Called Strike 1-2: Ball 2-2: Strikes out looking
|
Batting: RHB Craig Dolan
|
0-0: Ball 1-0: Called Strike 1-1: Ball 2-1: Foul Ball, location: 5FF 2-2: Foul Ball, location: 9LSF 2-2: Foul Ball, location: 5F 2-2: Ball 3-2: Base on Balls
|
Batting: RHB Quincy Herbert
|
0-0: Foul Ball, location: 9LMF 0-1: DOUBLE (Line Drive, 9LM, EV 92.5 MPH) Craig Dolan to third
|
Pinch Runner at 2nd Dave Cruz:
|
|
Batting: LHB Matt Menendez
|
0-0: Ball 1-0: Ball 2-0: SINGLE (Line Drive, 7S, EV 108.1 MPH) Craig Dolan scores Dave Cruz to third
|
Batting: SHB Chris Gosdin
|
0-0: Ball 1-0: Fly out, F6 (Line Drive, 6D, EV 66.3 MPH)
|
Batting: RHB Justin McLaughlin
|
0-0: Foul Ball, location: 2F 0-1: Ball 1-1: Ball 2-1: Ball Passed Ball! Dave Cruz scores Matt Menendez to second 3-1: Base on Balls
|
Batting: RHB Deshawn Martin
|
0-0: Called Strike 0-1: Ball 1-1: Ball 2-1: Ground out 4-3 (Groundball, 4, EV 80.6 MPH)
|
Bottom of the 1st over - 2 runs, 2 hits, 0 errors, 2 left on base; Cincinnati 1 - Philadelphia 2 |
TOP OF THE 2ND |
Cincinnati Reds batting - Pitching for Philadelphia Phillies : RHP Rick Whitley
|
Now at 1B: Dave Cruz
|
|
Batting: SHB Eric Starnes
|
0-0: Ground out 1-3 (Groundball, 15, EV 61.3 MPH)
|
Batting: RHB Gary Arbogast
|
0-0: Ground out 6-3 (Groundball, 6, EV 106.9 MPH)
|
Batting: LHB John Hamlin
|
0-0: Called Strike 0-1: Ball 1-1: Ball 2-1: Foul Ball, location: 2F 2-2: Ball 3-2: Strikes out swinging
|
Top of the 2nd over - 0 runs, 0 hits, 0 errors, 0 left on base; Cincinnati 1 - Philadelphia 2 |
BOTTOM OF THE 2ND |
Philadelphia Phillies batting - Pitching for Cincinnati Reds : LHP Mike Rutherford
|
Batting: LHB Kevin Myrick
|
0-0: Called Strike 0-1: Ball 1-1: Called Strike 1-2: Foul Ball, location: 3F 1-2: Ball 2-2: Strikes out swinging
|
Batting: RHB Marc Wade
|
0-0: Swinging Strike 0-1: Swinging Strike 0-2: Ball 1-2: Strikes out looking
|
Batting: RHB Adam Sands
|
0-0: Ball 1-0: Called Strike 1-1: Called Strike 1-2: Ball 2-2: Ball 3-2: TRIPLE (Flyball, 89XD, EV 101.3 MPH)
|
Batting: RHB Craig Dolan
|
0-0: Ground out U3 (Groundball, 34S, EV 81.9 MPH)
|
Bottom of the 2nd over - 0 runs, 1 hit, 0 errors, 1 left on base; Cincinnati 1 - Philadelphia 2 |
TOP OF THE 3RD |
Cincinnati Reds batting - Pitching for Philadelphia Phillies : RHP Rick Whitley
|
Batting: RHB Danny Blanchard
|
0-0: SINGLE (Popup, 56, EV 55.6 MPH)
|
Batting: LHB Adam Powers
|
0-0: Grounds into double play, 4-6-3 (Groundball, 4, EV 93.1 MPH)
|
Batting: RHB Pat Warner
|
0-0: Called Strike 0-1: SINGLE (Groundball, 56D, EV 97.5 MPH)
|
Batting: RHB Michael Draper
|
0-0: Ground out 1-3 (Groundball, 13S, EV 66.9 MPH)
|
Top of the 3rd over - 0 runs, 2 hits, 0 errors, 1 left on base; Cincinnati 1 - Philadelphia 2 |
BOTTOM OF THE 3RD |
Philadelphia Phillies batting - Pitching for Cincinnati Reds : LHP Mike Rutherford
|
Pitching: LHP Mario Rangel
|
|
Batting: RHB Dave Cruz
|
0-0: Called Strike 0-1: Ground out 4-3 (Groundball, 4, EV 82.5 MPH)
|
Batting: LHB Matt Menendez
|
0-0: Swinging Strike 0-1: Swinging Strike 0-2: Foul Ball, location: 2F 0-2: Ball 1-2: Ball 2-2: Fly out, F6 (Line Drive, 6M, EV 71.3 MPH)
|
Batting: SHB Chris Gosdin
|
0-0: Called Strike 0-1: SINGLE (Line Drive, 9S, EV 96.3 MPH)
|
Batting: RHB Justin McLaughlin
|
0-0: Ball 1-0: Fly out, F9 (Flyball, 9LD, EV 108.8 MPH)
|
Bottom of the 3rd over - 0 runs, 1 hit, 0 errors, 1 left on base; Cincinnati 1 - Philadelphia 2 |
TOP OF THE 4TH |
Cincinnati Reds batting - Pitching for Philadelphia Phillies : RHP Rick Whitley
|
Batting: RHB Gerardo Machado
|
0-0: Swinging Strike 0-1: Ball 1-1: Called Strike 1-2: Ball 2-2: Foul Ball, location: 2F 2-2: Strikes out swinging
|
Batting: RHB Chad Crane
|
0-0: Called Strike 0-1: Called Strike 0-2: Foul Ball, location: 23F 0-2: Foul Ball, location: 25F 0-2: Ball 1-2: Foul Ball, location: 5FF 1-2: Foul Ball, location: 2F 1-2: Strikes out swinging
|
Batting: SHB Eric Starnes
|
0-0: Ball 1-0: Swinging Strike 1-1: Ball 2-1: Foul Ball, location: 5DF 2-2: Ball 3-2: SOLO HOME RUN (Flyball, 9D, EV 100.0 MPH), Distance : 373 ft
|
Batting: RHB Gary Arbogast
|
0-0: Fly out, F9 (Flyball, 9S, EV 85.0 MPH)
|
Top of the 4th over - 1 run, 1 hit, 0 errors, 0 left on base; Cincinnati 2 - Philadelphia 2 |
BOTTOM OF THE 4TH |
Philadelphia Phillies batting - Pitching for Cincinnati Reds : LHP Mario Rangel
|
Batting: RHB Deshawn Martin
|
0-0: Called Strike 0-1: Ball 1-1: Fly out, F9 (Line Drive, 9, EV 90.6 MPH)
|
Batting: LHB Kevin Myrick
|
0-0: Ball 1-0: DOUBLE (Flyball, 8LXD, EV 107.5 MPH)
|
Batting: RHB Marc Wade
|
0-0: Ball 1-0: Called Strike 1-1: Called Strike 1-2: Fly out, F6 (Line Drive, 6, EV 68.8 MPH)
|
Batting: RHB Adam Sands
|
0-0: Called Strike 0-1: Called Strike 0-2: Ball 1-2: Strikes out swinging
|
Bottom of the 4th over - 0 runs, 1 hit, 0 errors, 1 left on base; Cincinnati 2 - Philadelphia 2 |
TOP OF THE 5TH |
Cincinnati Reds batting - Pitching for Philadelphia Phillies : RHP Rick Whitley
|
Batting: LHB John Hamlin
|
0-0: Ball 1-0: Ball 2-0: Foul Ball, location: 3F 2-1: Foul Ball, location: 2F 2-2: Fly out, F9 (Line Drive, 9S, EV 109.4 MPH)
|
Batting: RHB Danny Blanchard
|
0-0: Called Strike 0-1: Ball 1-1: SINGLE (Line Drive, 89S, EV 107.5 MPH)
|
Batting: LHB Adam Powers
|
0-0: Ball 1-0: Called Strike 1-1: Ball 2-1: Ball 3-1: Called Strike 3-2: Grounds into double play, 6-4-3 (Groundball, 6, EV 89.4 MPH)
|
Top of the 5th over - 0 runs, 1 hit, 0 errors, 0 left on base; Cincinnati 2 - Philadelphia 2 |
BOTTOM OF THE 5TH |
Philadelphia Phillies batting - Pitching for Cincinnati Reds : LHP Mario Rangel
|
Batting: RHB Craig Dolan
|
0-0: Ball 1-0: Reached on error, E1 (Groundball, 15, EV 68.8 MPH)
|
Batting: RHB Dave Cruz
|
0-0: Foul Ball, location: 2F 0-1: Ball 1-1: Ball 2-1: Ball 3-1: Base on Balls
|
Batting: LHB Matt Menendez
|
0-0: Ball 1-0: Fly out, F6 (Line Drive, 6, EV 68.8 MPH)
|
Batting: SHB Chris Gosdin
|
0-0: SINGLE (Groundball, 5D, EV 110.0 MPH) Craig Dolan to third Dave Cruz to second Runner from 3rd tries for Home, throw by LF and OUT! 7-2
|
Batting: RHB Justin McLaughlin
|
0-0: Called Strike 0-1: Ground out 1-3 (Groundball, 13S, EV 67.5 MPH)
|
Bottom of the 5th over - 0 runs, 1 hit, 1 error, 2 left on base; Cincinnati 2 - Philadelphia 2 |
TOP OF THE 6TH |
Cincinnati Reds batting - Pitching for Philadelphia Phillies : RHP Rick Whitley
|
Batting: RHB Pat Warner
|
0-0: Fly out, F5 (Line Drive, 56, EV 67.5 MPH)
|
Batting: RHB Michael Draper
|
0-0: Called Strike 0-1: Fly out, F6 (Popup, 6D, EV 65.0 MPH)
|
Batting: RHB Gerardo Machado
|
0-0: Called Strike 0-1: Foul Ball, location: 2F 0-2: Ball 1-2: Strikes out looking
|
Top of the 6th over - 0 runs, 0 hits, 0 errors, 0 left on base; Cincinnati 2 - Philadelphia 2 |
BOTTOM OF THE 6TH |
Philadelphia Phillies batting - Pitching for Cincinnati Reds : LHP Mario Rangel
|
Batting: RHB Deshawn Martin
|
0-0: Swinging Strike 0-1: Ball 1-1: Ball 2-1: Swinging Strike 2-2: Strikes out swinging
|
Batting: LHB Kevin Myrick
|
0-0: Fly out, F4 (Popup, 34, EV 67.5 MPH)
|
Batting: RHB Marc Wade
|
0-0: Fly out, F8 (Flyball, 78M, EV 86.9 MPH)
|
Bottom of the 6th over - 0 runs, 0 hits, 0 errors, 0 left on base; Cincinnati 2 - Philadelphia 2 |
TOP OF THE 7TH |
Cincinnati Reds batting - Pitching for Philadelphia Phillies : RHP Rick Whitley
|
Batting: RHB Chad Crane
|
0-0: Fly out, F7 (Line Drive, 7, EV 92.5 MPH)
|
Batting: SHB Eric Starnes
|
0-0: Foul Ball, location: 2F 0-1: Ball 1-1: Ball 2-1: Ground out 6-3 (Groundball, 4MD, EV 98.8 MPH)
|
Batting: RHB Gary Arbogast
|
0-0: Ball 1-0: Fly out, F7 (Line Drive, 7, EV 93.1 MPH)
|
Top of the 7th over - 0 runs, 0 hits, 0 errors, 0 left on base; Cincinnati 2 - Philadelphia 2 |
BOTTOM OF THE 7TH |
Philadelphia Phillies batting - Pitching for Cincinnati Reds : LHP Mario Rangel
|
Pitching: RHP Kyle Dellinger
|
|
Batting: RHB Adam Sands
|
0-0: Called Strike 0-1: Ground out 6-3 (Groundball, 6, EV 103.1 MPH)
|
Batting: RHB Craig Dolan
|
0-0: Ball 1-0: Ball 2-0: Foul Ball, location: 2F 2-1: Swinging Strike 2-2: Strikes out swinging
|
Batting: RHB Dave Cruz
|
0-0: Called Strike 0-1: Ball 1-1: Fly out, F9 (Flyball, 89XD, EV 111.3 MPH)
|
Bottom of the 7th over - 0 runs, 0 hits, 0 errors, 0 left on base; Cincinnati 2 - Philadelphia 2 |
TOP OF THE 8TH |
Cincinnati Reds batting - Pitching for Philadelphia Phillies : RHP Rick Whitley
|
Batting: LHB John Hamlin
|
0-0: Ball 1-0: Ground out 5-3 (Groundball, 5, EV 87.5 MPH)
|
Batting: RHB Danny Blanchard
|
0-0: Ball 1-0: SINGLE (Line Drive, 78M, EV 105.6 MPH)
|
Batting: LHB Adam Powers
|
0-0: Ball Danny Blanchard steals 2nd base 1-0: Intentional Walk
|
Batting: RHB Pat Warner
|
0-0: Foul Ball, location: 2F 0-1: Called Strike 0-2: Foul Ball, location: 7LDF 0-2: Ball 1-2: Ball 2-2: Ball 3-2: Strikes out looking
|
Pitching: RHP John Speer
|
|
Batting: RHB Michael Draper
|
0-0: Ball 1-0: Called Strike 1-1: Swinging Strike 1-2: Strikes out looking
|
Top of the 8th over - 0 runs, 1 hit, 0 errors, 2 left on base; Cincinnati 2 - Philadelphia 2 |
BOTTOM OF THE 8TH |
Philadelphia Phillies batting - Pitching for Cincinnati Reds : RHP Kyle Dellinger
|
Pitching: LHP Zion Carter
|
|
Pinch Hitting: SHB Alex Espinoza
|
0-0: Ball 1-0: Ground out 5-3 (Groundball, 5D, EV 98.1 MPH)
|
Batting: SHB Chris Gosdin
|
0-0: Foul Ball, location: 9LMF 0-1: Foul Ball, location: 2F 0-2: Ball 1-2: Strikes out swinging
|
Batting: RHB Justin McLaughlin
|
0-0: Ball 1-0: Foul Ball, location: 3SF 1-1: Foul Ball, location: 3F 1-2: Ball 2-2: Ball 3-2: Strikes out swinging
|
Bottom of the 8th over - 0 runs, 0 hits, 0 errors, 0 left on base; Cincinnati 2 - Philadelphia 2 |
TOP OF THE 9TH |
Cincinnati Reds batting - Pitching for Philadelphia Phillies : RHP John Speer
|
Now at 3B: Mike Lewis
|
|
Batting: RHB Gerardo Machado
|
0-0: Foul Ball, location: 9LDF 0-1: Ground out 6-3 (Groundball, 6, EV 88.8 MPH)
|
Pinch Hitting: SHB Andrew Colley
|
0-0: Fly out, F5 (Popup, 5S, EV 76.9 MPH)
|
Batting: SHB Eric Starnes
|
0-0: Ball 1-0: Called Strike 1-1: Hit by Pitch
|
Batting: RHB Gary Arbogast
|
0-0: Swinging Strike 0-1: Ball 1-1: Fly out, F8 (Flyball, 89D, EV 79.4 MPH)
|
Top of the 9th over - 0 runs, 0 hits, 0 errors, 1 left on base; Cincinnati 2 - Philadelphia 2 |
BOTTOM OF THE 9TH |
Philadelphia Phillies batting - Pitching for Cincinnati Reds : LHP Zion Carter
|
Now at C: Oscar Vallejo
|
|
Batting: RHB Deshawn Martin
|
0-0: Called Strike 0-1: Ball 1-1: Ground out 6-3 (Groundball, 6, EV 83.1 MPH)
|
Pinch Hitting: LHB Henry Quiroz
|
0-0: Ball 1-0: Called Strike 1-1: Swinging Strike 1-2: Ball 2-2: Ball 3-2: Base on Balls
|
Pitching: RHP Phil Diaz
|
|
Batting: RHB Marc Wade
|
0-0: Called Strike 0-1: Ball 1-1: Foul Ball, location: 2F 1-2: Foul Ball, location: 2F 1-2: Strikes out swinging
|
Pinch Hitting: LHB Zack Baize
|
0-0: Called Strike 0-1: Ball 1-1: Foul Ball, location: 2F 1-2: Fly out, F3 (Popup, 3SF, EV 85.0 MPH)
|
Bottom of the 9th over - 0 runs, 0 hits, 0 errors, 1 left on base; Cincinnati 2 - Philadelphia 2 |
TOP OF THE 10TH |
Cincinnati Reds batting - Pitching for Philadelphia Phillies : RHP John Speer
|
Pitching: RHP Kyle O'Brien
|
|
Now in CF: Rey Torres
|
|
Now in RF: Zack Baize
|
|
Batting: LHB John Hamlin
|
0-0: Called Strike 0-1: Ball 1-1: Foul Ball, location: 7LSF 1-2: Ball 2-2: Ground out 6-3 (Groundball, 56D, EV 106.3 MPH)
|
Batting: RHB Danny Blanchard
|
0-0: Ball 1-0: Called Strike 1-1: Fly out, F8 (Flyball, 8LS, EV 73.8 MPH)
|
Batting: LHB Adam Powers
|
0-0: Called Strike 0-1: SOLO HOME RUN (Flyball, 7LD, EV 94.4 MPH), Distance : 348 ft
|
Batting: RHB Pat Warner
|
0-0: Ball 1-0: Ball 2-0: Ball 3-0: Base on Balls
|
Batting: RHB Michael Draper
|
0-0: Ball 1-0: Fielders Choice at 2nd, 5-4 (Groundball, 56, EV 98.8 MPH)
|
Top of the 10th over - 1 run, 1 hit, 0 errors, 1 left on base; Cincinnati 3 - Philadelphia 2 |
BOTTOM OF THE 10TH |
Philadelphia Phillies batting - Pitching for Cincinnati Reds : RHP Phil Diaz
|
Pitching: RHP Corey Comer
|
|
Batting: RHB Craig Dolan
|
0-0: SINGLE (Line Drive, 6MD, EV 106.9 MPH)
|
Batting: RHB Dave Cruz
|
0-0: Called Strike 0-1: Fly out, F8 (Flyball, 8LM, EV 92.5 MPH)
|
Batting: LHB Mike Lewis
|
0-0: Ball 1-0: Called Strike 1-1: Ball 2-1: Foul Ball, location: 2F 2-2: Foul Ball, location: 5SF 2-2: Strikes out swinging
|
Batting: SHB Chris Gosdin
|
0-0: Called Strike 0-1: SINGLE (Line Drive, 5D, EV 105.0 MPH) Craig Dolan to second
|
Batting: RHB Justin McLaughlin
|
0-0: Called Strike 0-1: Ball 1-1: Ball 2-1: SINGLE (Line Drive, 78M, EV 104.4 MPH) Craig Dolan to third Chris Gosdin to second Runner from 3rd tries for Home, SAFE, throw by LF to trailing runner, OUT at third! 7-3-5
|
Bottom of the 10th over - 1 run, 3 hits, 0 errors, 1 left on base; Cincinnati 3 - Philadelphia 3 |
TOP OF THE 11TH |
Cincinnati Reds batting - Pitching for Philadelphia Phillies : RHP Kyle O'Brien
|
Batting: RHB Gerardo Machado
|
0-0: Ball 1-0: Foul Ball, location: 9LDF 1-1: Ball 2-1: Ball 3-1: Ground out 5-3 (Groundball, 56S, EV 66.3 MPH)
|
Batting: RHB Oscar Vallejo
|
0-0: Called Strike 0-1: Fly out, F3 (Popup, 3SF, EV 75.6 MPH)
|
Batting: SHB Eric Starnes
|
0-0: SINGLE (Line Drive, 78S, EV 108.1 MPH)
|
Pitching: RHP David Piedrahita
|
|
Batting: RHB Gary Arbogast
|
0-0: Called Strike 0-1: SINGLE (Line Drive, 34D, EV 96.9 MPH) Eric Starnes to second Runner from 2nd tries for 3rd, SAFE, throw by RF made to third
|
Batting: LHB John Hamlin
|
0-0: Ground out 4-3 (Groundball, 4M, EV 103.8 MPH)
|
Top of the 11th over - 0 runs, 2 hits, 0 errors, 2 left on base; Cincinnati 3 - Philadelphia 3 |
BOTTOM OF THE 11TH |
Philadelphia Phillies batting - Pitching for Cincinnati Reds : RHP Corey Comer
|
Pitching: RHP Keith Dragisic
|
|
Batting: RHB Deshawn Martin
|
0-0: Foul Ball, location: 2F 0-1: Foul Ball, location: 9LDF 0-2: Fly out, F9 (Line Drive, 89M, EV 88.8 MPH)
|
Batting: RHB Rey Torres
|
0-0: Called Strike 0-1: Fly out, F7 (Flyball, 78M, EV 89.4 MPH)
|
Batting: RHB Marc Wade
|
0-0: Ball 1-0: Foul Ball, location: 9LDF 1-1: Foul Ball, location: 5F 1-2: Ball 2-2: Ball 3-2: Fly out, F8 (Flyball, 8RD, EV 103.8 MPH)
|
Bottom of the 11th over - 0 runs, 0 hits, 0 errors, 0 left on base; Cincinnati 3 - Philadelphia 3 |
TOP OF THE 12TH |
Cincinnati Reds batting - Pitching for Philadelphia Phillies : RHP David Piedrahita
|
Batting: RHB Danny Blanchard
|
0-0: Ball 1-0: Fly out, F9 (Line Drive, 89S, EV 93.1 MPH)
|
Batting: LHB Adam Powers
|
0-0: Ball 1-0: Ball 2-0: Called Strike 2-1: Ball 3-1: Base on Balls
|
Batting: RHB Pat Warner
|
0-0: Ball 1-0: Foul Ball, location: 7LMF 1-1: Ball 2-1: Ball 3-1: Base on Balls Adam Powers to second
|
Batting: RHB Michael Draper
|
0-0: Ball 1-0: Called Strike 1-1: Foul Ball, location: 3SF 1-2: Foul Ball, location: 2F 1-2: Strikes out swinging
|
Batting: RHB Gerardo Machado
|
0-0: Ball 1-0: Ball 2-0: Ball 3-0: Base on Balls Adam Powers to third Pat Warner to second
|
Batting: RHB Oscar Vallejo
|
0-0: Fly out, F7 (Flyball, 7, EV 91.9 MPH)
|
Top of the 12th over - 0 runs, 0 hits, 0 errors, 3 left on base; Cincinnati 3 - Philadelphia 3 |
BOTTOM OF THE 12TH |
Philadelphia Phillies batting - Pitching for Cincinnati Reds : RHP Keith Dragisic
|
Batting: LHB Zack Baize
|
0-0: Ball 1-0: Foul Ball, location: 25F 1-1: Ground out 4-3 (Groundball, 34, EV 94.4 MPH)
|
Batting: RHB Craig Dolan
|
0-0: Ball 1-0: Fly out, F7 (Flyball, 78D, EV 106.3 MPH)
|
Batting: RHB Dave Cruz
|
0-0: Ball 1-0: Ball 2-0: Ball 3-0: Called Strike 3-1: Foul Ball, location: 2F 3-2: Foul Ball, location: 2F 3-2: Foul Ball, location: 2F 3-2: Base on Balls
|
Batting: LHB Mike Lewis
|
0-0: SINGLE (Line Drive, 78S, EV 110.0 MPH) Dave Cruz to second
|
Batting: SHB Chris Gosdin
|
0-0: Fly out, F3 (Popup, 3SF, EV 77.5 MPH)
|
Bottom of the 12th over - 0 runs, 1 hit, 0 errors, 2 left on base; Cincinnati 3 - Philadelphia 3 |
TOP OF THE 13TH |
Cincinnati Reds batting - Pitching for Philadelphia Phillies : RHP David Piedrahita
|
Batting: SHB Eric Starnes
|
0-0: Called Strike 0-1: SINGLE (Line Drive, 8RS, EV 94.4 MPH)
|
Batting: RHB Gary Arbogast
|
0-0: Ball 1-0: Foul Ball, location: 3DF 1-1: Called Strike 1-2: Foul Ball, location: 7LSF 1-2: Foul Ball, location: 2F 1-2: SINGLE (Line Drive, 8LS, EV 94.4 MPH) Eric Starnes to second Runner from 2nd tries for 3rd, SAFE, throw by CF made to third
|
Batting: LHB John Hamlin
|
0-0: Ball 1-0: Called Strike 1-1: Ball 2-1: Fielders Choice at home, 4-2 (Groundball, 4S, EV 91.3 MPH) Gary Arbogast to second
|
Batting: RHB Danny Blanchard
|
0-0: SINGLE (Line Drive, 7LS, EV 106.9 MPH) Gary Arbogast to third John Hamlin to second
|
Batting: LHB Adam Powers
|
0-0: Called Strike 0-1: Foul Ball, location: 7LSF 0-2: GRAND SLAM HOME RUN (Flyball, 78XD, EV 107.5 MPH), Distance : 406 ft
|
Pitching: LHP Jinrou Higashi
|
|
Batting: RHB Pat Warner
|
0-0: Called Strike 0-1: Ball 1-1: Ground out 6-3 (Groundball, 6D, EV 90.6 MPH)
|
Batting: RHB Michael Draper
|
0-0: Ball 1-0: Fly out, F9 (Flyball, 9, EV 86.3 MPH)
|
Top of the 13th over - 4 runs, 4 hits, 0 errors, 0 left on base; Cincinnati 7 - Philadelphia 3 |
BOTTOM OF THE 13TH |
Philadelphia Phillies batting - Pitching for Cincinnati Reds : RHP Keith Dragisic
|
Batting: RHB Justin McLaughlin
|
0-0: Fly out, F9 (Flyball, 9LS, EV 82.5 MPH)
|
Batting: RHB Deshawn Martin
|
0-0: Ball 1-0: Ball 2-0: Ball 3-0: Base on Balls
|
Pitching: RHP Tim Snipes
|
|
Batting: RHB Rey Torres
|
0-0: Called Strike 0-1: Ball 1-1: Grounds into double play, 6-4-3 (Groundball, 6, EV 108.8 MPH)
|
Bottom of the 13th over - 0 runs, 0 hits, 0 errors, 0 left on base; Cincinnati 7 - Philadelphia 3 |
|